 Dungeon Crawl Stone Soup version 0.32-a0-908-g8e5f33bbaa (webtiles) character file.

Game seed: 16914346622981555213

387 WhiterunGuard03 the Ruffian (level 6, -4/61 HPs)
             Began as a Troll Fighter on Apr 6, 2024.
             Was a Priest of Beogh.
             Succumbed to Dorog's poison
             ... on level 4 of the Dungeon.
             The game lasted 00:06:25 (2351 turns).

WhiterunGuard03 the Ruffian (Troll Fighter)         Turns: 2351, Time: 00:06:26

Health: -4/61      AC:  4    Str: 27    XL:     6   Next: 49%
Magic:  5/5        EV:  7    Int:  4    God:    Beogh [***...]
Gold:   111        SH: 11    Dex:  9    Spells: 5/5 levels left

rFire   . .          .
                       - Unarmed
rCold   . . .        j - +0 tower shield
rNeg    . . .        a - +0 robe
rPois   .            (helmet restricted)
rElec   .            (no cloak)
rCorr   .            (gloves unavailable)
SInv    .            (boots unavailable)
Will    .....        (no amulet)
Stlth   +            (no ring)
HPRegen 1.10/turn    (no ring)
MPRegen 0.09/turn

%: no passive effects
@: mighty, lethally poisoned (-4 -> -20)
A: large, unfitting armour, claws 3, regeneration 1, shaggy fur 1, tough skin 1
a: Renounce Religion, Smiting


You were on level 4 of the Dungeon.
You worshipped Beogh.
Beogh was most pleased with you.
You visited 1 branch of the dungeon, and saw 4 of its levels.

You collected 111 gold pieces.

Inventory:

Armour
 a - a +0 robe (worn)
 b - a +0 kite shield
 j - a +0 tower shield (worn)
 m - a scarf of harm
Jewellery
 f - a +6 ring of strength
 p - an amulet of guardian spirit
Wands
 k - a wand of paralysis (5)
Scrolls
 e - a scroll of enchant weapon {unknown}
 h - a scroll of blinking {unknown}
 i - 2 scrolls of identify {unknown}
Potions
 c - a potion of might
 d - a potion of magic {unknown}
 g - a potion of heal wounds {unknown}
 l - a potion of invisibility {unknown}
 n - a potion of degeneration {unknown}
 o - a potion of attraction {unknown}


   Skills:
 + Level 3.0 Fighting
 + Level 3.7 Dodging
 + Level 0.1 Stealth
 + Level 4.1 Shields
 + Level 4.5 Unarmed Combat


You had 5 spell levels left.
You didn't know any spells.
Your spell library contained the following spells:

 Spells                   Type           Power      Damage    Failure   Level
 Hailstorm                Conj/Ice       0%         3d5       100%        3
 Summon Ice Beast         Ice/Summ       0%         N/A       100%        3
 Summon Blazeheart Golem  Fire/Summ      0%         N/A       100%        4
 Permafrost Eruption      Ice/Erth       0%         2x4d1     100%        6
 Sculpt Simulacrum        Ice/Alch       0%         N/A       100%        6
 Orb of Destruction       Conj           0%         9d5       100%        7
 Spellforged Servitor     Conj/Summ      0%         N/A       100%        7


Dungeon Overview and Level Annotations

Branches:
Dungeon (4/15)
 Temple: D:4-7

Altars:
Elyvilon
Beogh

Shops:
D:1 *


Innate Abilities, Weirdness & Mutations

Your facial features look somewhat orcish.
You are too large for most types of armour.
You have claws for hands.
Your natural rate of healing is unusually fast.
You are covered in fur. (AC +1)
You have tough skin. (AC +1)


Message History

You block something's attack.
Unknown command.
You claw something! Beogh accepts your kill.
Reactivating autopickup.
You feel a bit more experienced.
Your Fighting skill increases to level 3!
Dorog attacks as she pursues you! Dorog barely misses you.
Dorog hits you from afar with a +0 trident of venom!
You are poisoned.
You see here an adder corpse.
You feel very sick. Dorog attacks as she pursues you! You block Dorog's attack.
Okay, then.
You feel very sick.
You feel very sick.
There is a stone staircase leading up here.
Beogh appreciates your bravery.
You feel very mighty all of a sudden.
You feel sick.
You feel sick.
Dorog hits you with a +0 trident of venom!
You are more poisoned.
You scratch Dorog but do no damage.
You feel very sick. You block Dorog's attack. x2
You scratch Dorog.
Dorog is lightly wounded.
You feel very sick.
Dorog hits you with a +0 trident of venom!
* * * LOW HITPOINT WARNING * * *
You are lethally poisoned!
You claw Dorog!
Dorog is moderately wounded.
* * * LOW HITPOINT WARNING * * *
You feel extremely sick. You block Dorog's attack.
You claw Dorog!
Dorog is moderately wounded.
You die...

####.##..####
..... #..#
.....###.##
........#..#
..........##
..........#
........†.#
........o##
........@##
.........<#
.........##
.......<##
...##..## ...
###


You could see Dorog the orc apostle (divinely empowered).

Vanquished Creatures
  An orc warrior (D:4)
  An orc priest (D:3)
  A hound (D:4)
  Terence (D:2)
  An orc wizard (D:4)
  An iguana (D:4)
  8 adders
  2 dart slugs
  2 ribbon worms
  6 orcs
  4 endoplasms
  3 giant cockroaches
  8 goblins
  10 hobgoblins
  4 quokkas
  5 ball pythons
  5 bats
  6 frilled lizards
  5 kobolds
  4 rats
78 creatures vanquished.

Vanquished Creatures (others)
  An endoplasm (D:3)
1 creature vanquished.

Grand Total: 79 creatures vanquished

Notes
Turn   | Place    | Note
-------+----------+-------------------------------------------
     0 | D:1      | WhiterunGuard03 the Troll Fighter began the quest for the
                  | Orb.
     0 | D:1      | Reached XP level 1. HP: 22/22 MP: 0/0
   292 | D:1      | Found Atiubips's General Store.
   363 | D:1      | Reached XP level 2. HP: 29/29 MP: 1/1
   406 | D:1      | Found a faded altar of an unknown god.
   448 | D:1      | Prayed at the altar of an unknown god.
   448 | D:1      | Became a worshipper of Beogh the Shepherd
   448 | D:1      | Reached * piety under Beogh
   780 | D:2      | Reached XP level 3. HP: 36/36 MP: 2/2
   911 | D:2      | Reached ** piety under Beogh
  1018 | D:2      | Reached XP level 4. HP: 44/44 MP: 3/3
  1094 | D:2      | Noticed Terence
  1102 | D:2      | Killed Terence
  1881 | D:3      | Reached XP level 5. HP: 52/52 MP: 4/4
  2270 | D:4      | Found a white marble altar of Elyvilon.
  2278 | D:4      | Noticed an orc warrior
  2305 | D:4      | Reached *** piety under Beogh
  2307 | D:4      | Killed an orc warrior
  2308 | D:4      | Reached XP level 6. HP: 36/59 MP: 5/5
  2328 | D:4      | Noticed Dorog
  2350 | D:4      | HP: 1/61 [poisoned by Dorog]
  2351 | D:4      | Succumbed to Dorog's poison

Illustrated notes

Levels and vault maps discovered:
D:1:      nzn_arrival_settlement, layout_loops_ring,
          shapermc_ecumenical_altar_mp_highgroup, serial_shops,
          nicolae_shop_window_shopping
D:2:      layout_loops_ring, uniq_terence
D:3:      layout_loops_ring, minmay_fractal_squares_diagonal_5
D:4:      layout_cave_pools, grunt_temple_overflow_champion_of_chaos,
          nicolae_elyvilon_peaceful_grove, grunt_gozag_breadcrumbs,
          mainiacjoe_overflow_large_starburst, minmay_temple_entry_trees,
          nicolae_ossuary_entry_plus

Skill      XL: |  1  2  3  4  5  6 |
---------------+-------------------+-----
Shields        | 3 4 |  4.1
Dodging        | 3 |  3.7
Unarmed Combat | 3 4 |  4.5
Fighting       | 3 |  3.0
Stealth        | |  0.1

Action                     |  1- 3 |  4- 6 || total
---------------------------+-------+-------++-------
  Melee: Unarmed           |    96 |   130 ||   226
    Use: Potion            |       |     1 ||     1
 Armour: Robe              |    39 |    81 ||   120
  Dodge: Dodged            |    29 |    18 ||    47
  Block: Kite shield       |    33 |     5 ||    38
         Tower shield      |       |    65 ||    65

Table legend: (Time is in decaauts)
 A = Elapsed time spent in this place.
 B = Non-inter-level travel time spent in this place.
 C = Inter-level travel time spent in this place.
 D = Time resting spent in this place.
 E = Time spent auto-exploring this place.
 F = Levels seen in this place.
 G = Mean time per level.
                   A        B        C        D        E       F      G
               +--------+--------+--------+--------+--------+-----+--------+
         Total |   2380 |   2181 |    199 |      0 |   1583 |   4 |  595.0 |
       Dungeon |   2380 |   2181 |    199 |      0 |   1583 |   4 |  595.0 |
               +--------+--------+--------+--------+--------+-----+--------+

Top non-repeatable levels by time:
     D:2: 817 daAuts
     D:3: 713 daAuts
     D:1: 712 daAuts
     D:4: 137 daAuts
